Ducks vs Canadiens

Created - April 1 2011 at 17:50

Goals
1 2 3 T
Ducks 1 2 0 3
Canadiens 1 1 0 2
Shots
1 2 3 T
Ducks 11 14 5 30
Canadiens 8 9 12 29

Period #1

1. Ducks , Andy McDonald 25 (Kurtis Foster) at 4:35 (PP)
2. Canadiens , Tomas Plekanec 24 (Ilya Kovalchuk, Niklas Kronwall) at 18:35

Penalties :
Scott Hartnell (MTL) for Tripping (Minor) at 3:52, Brent Seabrook (MTL) for Roughing (Minor) at 7:51, Brent Seabrook (MTL) for High sticking (Minor) at 10:07, Niklas Kronwall (MTL) for Interference (Minor) at 11:33, Manny Malhotra (ANA) for Slashing (Minor) at 19:43

Period #2

3. Canadiens , Ilya Kovalchuk 42 (Patrick Kane, Paul Stastny) at 0:42 (PP)
4. Ducks , Mason Raymond 24 (Jonathan Toews, Nick Schultz) at 12:34 (PP)
5. Ducks , Andy McDonald 26 (Kurtis Foster) at 15:07 (PP)

Penalties :
Brandon Dubinsky (ANA) for Goalie Interference (Minor) at 1:10, Jonathan Ericsson (ANA) for Tripping (Minor) at 1:47, David Clarkson (ANA) for Hooking (Minor) at 5:56, John Erskine (MTL) for Roughing (Double Minor) at 10:26, Scott Hartnell (MTL) for Tripping (Minor) at 14:25, David Perron (ANA) for Hooking (Minor) at 16:22

Period #3

No Goal

Penalties :
Niklas Kronwall (MTL) for Hooking (Minor) at 2:46, Scott Hartnell (MTL) for Holding (Minor) at 8:43, Jonathan Ericsson (ANA) for Tripping (Minor) at 11:13, Rob Scuderi (ANA) for High sticking (Minor) at 14:23, Brandon Dubinsky (ANA) for Hooking (Minor) at 17:20

Goalie Stats

Jonas Hiller (ANA), 27 saves from 29 shots - (0.931), W, 17-11-2, 60:00 minutes
Jaroslav Halak (MTL), 27 saves from 30 shots - (0.900), L, 28-31-6, 59:04 minutes

Players Stats

Ducks
Player Name              G  A  P  +/- PIM S  H  SB FO    MP 
------------------------------------------------------------
Andy McDonald            2  0  2  -1  0   6  1  0  11/22 18 
Brandon Dubinsky         0  0  0   0  4   2  1  0  1/2   21 
Bryan Little             0  0  0   0  0   1  0  0  1/2   13 
Christian Hanson         0  0  0   0  0   0  1  0  6/16  13 
David Clarkson           0  0  0   0  2   1  2  0  2/2   14 
David Perron             0  0  0   0  2   1  0  0  0/1   9  
Dustin Byfuglien         0  0  0  -1  0   2  2  0  0/1   14 
Henrik Tallinder         0  0  0   0  0   0  0  1  0/0   18 
Jakub Voracek            0  0  0   0  0   1  1  0  1/2   11 
Jonathan Ericsson        0  0  0   0  4   1  3  0  0/0   19 
Jonathan Toews           0  1  1   0  0   1  1  1  8/22  19 
Kurtis Foster            0  2  2  -1  0   0  1  0  0/0   18 
Manny Malhotra           0  0  0   0  2   1  2  2  7/20  12 
Mason Raymond            1  0  1  -1  0   10 0  1  1/1   17 
Nick Schultz             0  1  1  -1  0   1  4  0  0/0   20 
Richard Park             0  0  0   0  0   1  0  0  0/1   10 
Rob Scuderi              0  0  0   0  2   0  2  0  0/0   19 
Tom Poti                 0  0  0   0  0   1  0  1  0/0   22 
Canadiens
Player Name              G  A  P  +/- PIM S  H  SB FO    MP 
------------------------------------------------------------
Barret Jackman           0  0  0   0  0   1  2  0  0/0   13 
Brent Seabrook           0  0  0   0  4   0  1  3  0/0   20 
Ed Jovanovski            0  0  0   1  0   1  1  1  0/0   21 
Ilya Kovalchuk           1  1  2   1  0   3  0  0  2/2   19 
John Erskine             0  0  0   0  4   0  0  0  0/0   6  
Marcel Goc               0  0  0   0  0   0  0  1  3/11  12 
Martin Havlat            0  0  0   0  0   1  3  1  3/5   18 
Matt Cullen              0  0  0   0  0   0  0  0  0/0   17 
Maxime Talbot            0  0  0   0  0   0  0  0  0/1   8  
Niclas Wallin            0  0  0   0  0   0  1  0  0/0   17 
Niklas Kronwall          0  1  1   1  4   2  0  0  0/0   18 
Patrick Kane             0  1  1   1  0   2  2  0  0/1   19 
Patrick Sharp            0  0  0   0  0   4  2  0  1/2   17 
Paul Stastny             0  1  1   0  0   4  2  1  18/24 21 
R.J. Umberger            0  0  0   0  0   4  0  0  18/26 17 
Scott Hartnell           0  0  0   0  6   1  2  0  0/0   9  
Tim Gleason              0  0  0   0  0   3  4  2  0/0   21 
Tomas Plekanec           1  0  1   1  0   3  0  0  9/20  14 

3 Stars

1 - Andy McDonald (ANA)
2 - Ilya Kovalchuk (MTL)
3 - Tomas Plekanec (MTL)

Power Play

Ducks - 3 on 8 Attempt(s) - 37.50%
Canadiens - 1 on 8 Attempt(s) - 12.50%

Penalty Kill

Ducks - 7 on 8 Attempt(s) - 87.50% - Score 0 goal in Penalty Kill
Canadiens - 5 on 8 Attempt(s) - 62.50% - Score 0 goal in Penalty Kill

Game Notes

No Game Note

Finance

Level 1 -- Attendance: 3847 (59.18%) -- Ticket Income $480,875.00
Level 2 -- Attendance: 3335 (66.70%) -- Ticket Income $233,450.00
Level 3 -- Attendance: 2191 (62.60%) -- Ticket Income $92,022.00
Level 4 -- Attendance: 1422 (26.97%) -- Ticket Income $42,660.00
Luxury Box -- Attendance: 630 (63.00%) -- Ticket Income $157,500.00
Game was played at the Bell Centre
Total Attendance: 11425 (53.71%)
Total Ticket Income: $1,052,280.00
Other Income: $212,035.50
Total Income: $1,264,316.00


Play by Play

Period #1

0:01 of 1st period - Jonathan Toews wins face-off versus Paul Stastny in neutral zone.
0:14 of 1st period - Shot by Jonathan Toews.
0:14 of 1st period - Shot Misses the Net.
0:16 of 1st period - Shot by Brandon Dubinsky.
0:16 of 1st period - Shot Misses the Net.
0:20 of 1st period - Shot by Jonathan Toews.
0:20 of 1st period - Shot Blocked by Martin Havlat.
0:24 of 1st period - Shot by Jonathan Toews.
0:24 of 1st period - Stopped by Jaroslav Halak without a rebound.
0:25 of 1st period - Andy McDonald wins face-off versus Tomas Plekanec in Canadiens zone.
0:54 of 1st period - Shot by Tomas Plekanec.
0:54 of 1st period - Stopped by Jonas Hiller without a rebound.
0:55 of 1st period - R.J. Umberger wins face-off versus Manny Malhotra in Ducks zone.
0:58 of 1st period - Shot by Scott Hartnell.
0:58 of 1st period - Stopped by Jonas Hiller without a rebound.
0:59 of 1st period - Christian Hanson wins face-off versus Paul Stastny in Ducks zone.
0:59 of 1st period - Christian Hanson is hit by Martin Havlat.
1:11 of 1st period - Icing by Henrik Tallinder.
1:12 of 1st period - R.J. Umberger wins face-off versus Christian Hanson in Ducks zone.
1:54 of 1st period - Shot by Matt Cullen.
1:54 of 1st period - Deflect By R.J. Umberger.
1:54 of 1st period - Shot Misses the Net.
1:59 of 1st period - David Perron is hit by Tim Gleason and loses puck.
2:52 of 1st period - Jonathan Toews is hit by Brent Seabrook and loses puck.
2:56 of 1st period - Icing by Tom Poti.
2:57 of 1st period - Tomas Plekanec wins face-off versus Jonathan Toews in Ducks zone.
3:52 of 1st period - Minor Penalty to Scott Hartnell for Tripping.
3:53 of 1st period - R.J. Umberger wins face-off versus Jonathan Toews in Canadiens zone.
4:12 of 1st period - Shot by Mason Raymond.
4:12 of 1st period - Stopped by Jaroslav Halak without a rebound.
4:13 of 1st period - Andy McDonald wins face-off versus R.J. Umberger in Canadiens zone.
4:13 of 1st period - Andy McDonald is hit by Tim Gleason.
4:35 of 1st period - Shot by Andy McDonald.
4:35 of 1st period - Goal by Andy McDonald - Ducks : 1 - Canadiens : 0.
4:36 of 1st period - Paul Stastny wins face-off versus Richard Park in neutral zone.
4:43 of 1st period - Shot by Patrick Sharp.
4:43 of 1st period - Stopped by Jonas Hiller without a rebound.
4:44 of 1st period - Marcel Goc wins face-off versus Christian Hanson in Ducks zone.
4:44 of 1st period - Marcel Goc is hit by Jonathan Ericsson.
4:50 of 1st period - Shot by Ed Jovanovski.
4:50 of 1st period - Shot Misses the Net.
5:10 of 1st period - Shot by Bryan Little.
5:10 of 1st period - Stopped by Jaroslav Halak without a rebound.
5:11 of 1st period - David Clarkson wins face-off versus Patrick Sharp in Canadiens zone.
5:18 of 1st period - Shot by David Clarkson.
5:18 of 1st period - Shot Misses the Net.
5:22 of 1st period - Shot by Jonathan Toews.
5:22 of 1st period - Shot Blocked by Brent Seabrook.
5:24 of 1st period - Shot by Brandon Dubinsky.
5:24 of 1st period - Shot Misses the Net.
5:26 of 1st period - Shot by Jonathan Toews.
5:26 of 1st period - Shot Blocked by Brent Seabrook.
6:11 of 1st period - Icing by R.J. Umberger.
6:12 of 1st period - R.J. Umberger wins face-off versus Andy McDonald in Canadiens zone.
6:14 of 1st period - Icing by Scott Hartnell.
6:15 of 1st period - R.J. Umberger wins face-off versus Andy McDonald in Canadiens zone.
6:33 of 1st period - Shot by Mason Raymond.
6:33 of 1st period - Stopped by Jaroslav Halak without a rebound.
6:34 of 1st period - Tomas Plekanec wins face-off versus Manny Malhotra in Canadiens zone.
6:34 of 1st period - Patrick Kane is hit by Manny Malhotra and loses puck.
7:01 of 1st period - Shot by Patrick Kane.
7:01 of 1st period - Shot Hit the Post.
7:09 of 1st period - Shot by Jonathan Ericsson.
7:09 of 1st period - Stopped by Jaroslav Halak without a rebound.
7:10 of 1st period - Martin Havlat wins face-off versus Andy McDonald in Canadiens zone.
7:51 of 1st period - Minor Penalty to Brent Seabrook for Roughing.
7:52 of 1st period - R.J. Umberger wins face-off versus Andy McDonald in Canadiens zone.
8:19 of 1st period - Shot by Andy McDonald.
8:19 of 1st period - Stopped by Jaroslav Halak without a rebound.
8:20 of 1st period - Jonathan Toews wins face-off versus R.J. Umberger in Canadiens zone.
8:32 of 1st period - Icing by Jonathan Toews.
8:33 of 1st period - R.J. Umberger wins face-off versus Jonathan Toews in Ducks zone.
8:54 of 1st period - Shot by Jakub Voracek.
8:54 of 1st period - Shot Misses the Net.
9:09 of 1st period - Icing by Nick Schultz.
9:10 of 1st period - Jonathan Toews wins face-off versus Maxime Talbot in Ducks zone.
9:55 of 1st period - David Perron is hit by Paul Stastny and loses puck.
10:07 of 1st period - Minor Penalty to Brent Seabrook for High sticking.
10:08 of 1st period - Andy McDonald wins face-off versus Marcel Goc in Canadiens zone.
10:09 of 1st period - Shot by Bryan Little.
10:09 of 1st period - Shot Hit the Post.
10:29 of 1st period - Shot by Bryan Little.
10:29 of 1st period - Shot Misses the Net.
11:31 of 1st period - Shot by David Clarkson.
11:31 of 1st period - Shot Misses the Net.
11:33 of 1st period - Shot by Tom Poti.
11:33 of 1st period - Stopped by Jaroslav Halak without a rebound.
11:33 of 1st period - Minor Penalty to Niklas Kronwall for Interference.
11:34 of 1st period - Andy McDonald wins face-off versus Martin Havlat in Canadiens zone.
11:49 of 1st period - Shot by Andy McDonald.
11:49 of 1st period - Shot Misses the Net.
11:51 of 1st period - Shot by Brandon Dubinsky.
11:51 of 1st period - Stopped by Jaroslav Halak with a rebound.
11:53 of 1st period - Shot by Dustin Byfuglien.
11:53 of 1st period - Stopped by Jaroslav Halak without a rebound.
11:54 of 1st period - Marcel Goc wins face-off versus Jonathan Toews in Canadiens zone.
11:54 of 1st period - Marcel Goc is hit by Jonathan Toews.
14:19 of 1st period - Icing by Rob Scuderi.
14:20 of 1st period - Paul Stastny wins face-off versus Manny Malhotra in Ducks zone.
14:33 of 1st period - Shot by Patrick Sharp.
14:33 of 1st period - Shot Misses the Net.
14:43 of 1st period - Rob Scuderi is hit by Martin Havlat and loses puck.
15:02 of 1st period - Shot by Martin Havlat.
15:02 of 1st period - Stopped by Jonas Hiller without a rebound.
15:03 of 1st period - Andy McDonald wins face-off versus R.J. Umberger in Ducks zone.
15:24 of 1st period - Shot by Andy McDonald.
15:24 of 1st period - Shot Misses the Net.
15:28 of 1st period - Shot by Andy McDonald.
15:28 of 1st period - Deflect By Mason Raymond.
15:28 of 1st period - Stopped by Jaroslav Halak without a rebound.
15:29 of 1st period - David Clarkson wins face-off versus Marcel Goc in Canadiens zone.
15:51 of 1st period - Shot by David Clarkson.
15:51 of 1st period - Shot Blocked by Ed Jovanovski.
16:31 of 1st period - David Perron is hit by Scott Hartnell and loses puck.
16:37 of 1st period - Icing by Jonathan Ericsson.
16:38 of 1st period - Christian Hanson wins face-off versus Paul Stastny in Ducks zone.
16:52 of 1st period - Shot by Paul Stastny.
16:52 of 1st period - Stopped by Jonas Hiller without a rebound.
16:53 of 1st period - Jonathan Toews wins face-off versus R.J. Umberger in Ducks zone.
17:11 of 1st period - Rob Scuderi is hit by Tim Gleason and loses puck.
17:17 of 1st period - Icing by Tim Gleason.
17:18 of 1st period - R.J. Umberger wins face-off versus Andy McDonald in Canadiens zone.
17:18 of 1st period - R.J. Umberger is hit by Dustin Byfuglien.
17:26 of 1st period - Shot by Scott Hartnell.
17:26 of 1st period - Shot Misses the Net.
17:28 of 1st period - Shot by Tim Gleason.
17:28 of 1st period - Stopped by Jonas Hiller with a rebound.
17:55 of 1st period - Paul Stastny is hit by Nick Schultz and loses puck.
18:05 of 1st period - Martin Havlat is hit by Kurtis Foster and loses puck.
18:35 of 1st period - Shot by Tomas Plekanec.
18:35 of 1st period - Goal by Tomas Plekanec - Ducks : 1 - Canadiens : 1.
18:36 of 1st period - Manny Malhotra wins face-off versus Marcel Goc in neutral zone.
18:49 of 1st period - Shot by Patrick Kane.
18:49 of 1st period - Stopped by Jonas Hiller without a rebound.
18:50 of 1st period - R.J. Umberger wins face-off versus Jonathan Toews in Ducks zone.
19:03 of 1st period - Rob Scuderi is hit by Scott Hartnell and loses puck.
19:14 of 1st period - Shot by R.J. Umberger.
19:14 of 1st period - Shot Misses the Net.
19:37 of 1st period - Tim Gleason is hit by David Clarkson and loses puck.
19:43 of 1st period - Minor Penalty to Manny Malhotra for Slashing.
19:44 of 1st period - Jakub Voracek wins face-off versus Paul Stastny in Ducks zone.

Period #2

0:01 of 2nd period - Paul Stastny wins face-off versus Jonathan Toews in neutral zone.
0:42 of 2nd period - Shot by Ilya Kovalchuk.
0:42 of 2nd period - Goal by Ilya Kovalchuk - Ducks : 1 - Canadiens : 2.
0:43 of 2nd period - R.J. Umberger wins face-off versus Andy McDonald in neutral zone.
1:03 of 2nd period - Mason Raymond is hit by Niclas Wallin and loses puck.
1:06 of 2nd period - Shot by Andy McDonald.
1:06 of 2nd period - Deflect By Mason Raymond.
1:06 of 2nd period - Shot Blocked by Tim Gleason.
1:08 of 2nd period - Shot by Dustin Byfuglien.
1:08 of 2nd period - Stopped by Jaroslav Halak without a rebound.
1:09 of 2nd period - Paul Stastny wins face-off versus Jonathan Toews in Canadiens zone.
1:09 of 2nd period - Paul Stastny is hit by David Clarkson.
1:10 of 2nd period - Minor Penalty to Brandon Dubinsky for Goalie Interference.
1:11 of 2nd period - Manny Malhotra wins face-off versus Tomas Plekanec in Ducks zone.
1:17 of 2nd period - Icing by Brent Seabrook.
1:18 of 2nd period - Tomas Plekanec wins face-off versus Manny Malhotra in Canadiens zone.
1:22 of 2nd period - Icing by Tomas Plekanec.
1:23 of 2nd period - Christian Hanson wins face-off versus Tomas Plekanec in Canadiens zone.
1:24 of 2nd period - Shot by Richard Park.
1:24 of 2nd period - Shot Blocked by Tim Gleason.
1:42 of 2nd period - Shot by Patrick Sharp.
1:42 of 2nd period - Stopped by Jonas Hiller without a rebound.
1:43 of 2nd period - Paul Stastny wins face-off versus Manny Malhotra in Ducks zone.
1:44 of 2nd period - Shot by Ilya Kovalchuk.
1:44 of 2nd period - Stopped by Jonas Hiller without a rebound.
1:45 of 2nd period - Paul Stastny wins face-off versus Manny Malhotra in Ducks zone.
1:47 of 2nd period - Minor Penalty to Jonathan Ericsson for Tripping.
1:48 of 2nd period - Paul Stastny wins face-off versus Manny Malhotra in Ducks zone.
2:27 of 2nd period - Shot by Ilya Kovalchuk.
2:27 of 2nd period - Shot Blocked by Manny Malhotra.
2:29 of 2nd period - Shot by Niklas Kronwall.
2:29 of 2nd period - Stopped by Jonas Hiller with a rebound.
2:31 of 2nd period - Shot by Paul Stastny.
2:31 of 2nd period - Deflect By Patrick Kane.
2:31 of 2nd period - Stopped by Jonas Hiller without a rebound.
2:32 of 2nd period - Christian Hanson wins face-off versus Tomas Plekanec in Ducks zone.
2:46 of 2nd period - Off-side.
2:47 of 2nd period - Manny Malhotra wins face-off versus Tomas Plekanec in neutral zone.
2:47 of 2nd period - Henrik Tallinder is hit by Tim Gleason and loses puck.
3:41 of 2nd period - Off-side.
3:42 of 2nd period - Ilya Kovalchuk wins face-off versus Christian Hanson in neutral zone.
4:04 of 2nd period - Scott Hartnell is hit by Nick Schultz and loses puck.
4:19 of 2nd period - Shot by Matt Cullen.
4:19 of 2nd period - Shot Misses the Net.
4:21 of 2nd period - Shot by R.J. Umberger.
4:21 of 2nd period - Shot Misses the Net.
5:24 of 2nd period - Ilya Kovalchuk is hit by Rob Scuderi and loses puck.
5:41 of 2nd period - Shot by Jonathan Toews.
5:41 of 2nd period - Shot Blocked by Paul Stastny.
5:48 of 2nd period - Brandon Dubinsky is hit by Barret Jackman and loses puck.
5:56 of 2nd period - Minor Penalty to David Clarkson for Hooking.
5:57 of 2nd period - Manny Malhotra wins face-off versus Tomas Plekanec in Ducks zone.
6:06 of 2nd period - Shot by Richard Park.
6:06 of 2nd period - Stopped by Jaroslav Halak with a rebound.
6:10 of 2nd period - Shot by Richard Park.
6:10 of 2nd period - Shot Misses the Net.
6:22 of 2nd period - Shot by Martin Havlat.
6:22 of 2nd period - Shot Misses the Net.
6:24 of 2nd period - Shot by Tim Gleason.
6:24 of 2nd period - Stopped by Jonas Hiller without a rebound.
6:25 of 2nd period - Paul Stastny wins face-off versus Christian Hanson in Ducks zone.
8:27 of 2nd period - Shot by Andy McDonald.
8:27 of 2nd period - Stopped by Jaroslav Halak with a rebound.
9:11 of 2nd period - Shot by David Clarkson.
9:11 of 2nd period - Shot Blocked by Marcel Goc.
9:13 of 2nd period - Shot by David Clarkson.
9:13 of 2nd period - Stopped by Jaroslav Halak without a rebound.
9:14 of 2nd period - Christian Hanson wins face-off versus R.J. Umberger in Canadiens zone.
9:25 of 2nd period - Shot by David Perron.
9:25 of 2nd period - Shot Misses the Net.
9:33 of 2nd period - Shot by Bryan Little.
9:33 of 2nd period - Shot Misses the Net.
9:42 of 2nd period - Martin Havlat is hit by Jonathan Ericsson and loses puck.
10:16 of 2nd period - Icing by Mason Raymond.
10:17 of 2nd period - Andy McDonald wins face-off versus Marcel Goc in Ducks zone.
10:17 of 2nd period - Andy McDonald is hit by Patrick Kane.
10:26 of 2nd period - Double Minor Penalty to John Erskine for Roughing.
10:27 of 2nd period - Bryan Little wins face-off versus Marcel Goc in Canadiens zone.
10:50 of 2nd period - Shot by Brandon Dubinsky.
10:50 of 2nd period - Shot Misses the Net.
10:52 of 2nd period - Shot by Andy McDonald.
10:52 of 2nd period - Stopped by Jaroslav Halak without a rebound.
10:53 of 2nd period - Jonathan Toews wins face-off versus R.J. Umberger in Canadiens zone.
10:54 of 2nd period - Shot by Jakub Voracek.
10:54 of 2nd period - Shot Misses the Net.
11:16 of 2nd period - Shot by Mason Raymond.
11:16 of 2nd period - Deflect By Jakub Voracek.
11:16 of 2nd period - Shot Misses the Net.
11:20 of 2nd period - Shot by Mason Raymond.
11:20 of 2nd period - Shot Misses the Net.
11:22 of 2nd period - Shot by Nick Schultz.
11:22 of 2nd period - Stopped by Jaroslav Halak without a rebound.
11:23 of 2nd period - Marcel Goc wins face-off versus Andy McDonald in Canadiens zone.
11:32 of 2nd period - Niklas Kronwall is hit by Brandon Dubinsky and loses puck.
12:24 of 2nd period - Shot by Mason Raymond.
12:24 of 2nd period - Stopped by Jaroslav Halak with a rebound.
12:26 of 2nd period - Shot by Nick Schultz.
12:26 of 2nd period - Shot Blocked by Brent Seabrook.
12:30 of 2nd period - Shot by Mason Raymond.
12:30 of 2nd period - Stopped by Jaroslav Halak with a rebound.
12:34 of 2nd period - Shot by Mason Raymond.
12:34 of 2nd period - Goal by Mason Raymond - Ducks : 2 - Canadiens : 2.
12:35 of 2nd period - Ilya Kovalchuk wins face-off versus Jakub Voracek in neutral zone.
12:35 of 2nd period - Ilya Kovalchuk is hit by Jakub Voracek.
12:43 of 2nd period - Shot by Ilya Kovalchuk.
12:43 of 2nd period - Shot Misses the Net.
13:26 of 2nd period - Patrick Kane is hit by Dustin Byfuglien and loses puck.
13:43 of 2nd period - Shot by David Clarkson.
13:43 of 2nd period - Shot Misses the Net.
14:18 of 2nd period - Icing by Jonathan Ericsson.
14:19 of 2nd period - R.J. Umberger wins face-off versus Christian Hanson in Ducks zone.
14:25 of 2nd period - Minor Penalty to Scott Hartnell for Tripping.
14:26 of 2nd period - R.J. Umberger wins face-off versus Jonathan Toews in Canadiens zone.
14:38 of 2nd period - Niclas Wallin is hit by Rob Scuderi.
14:53 of 2nd period - Shot by Mason Raymond.
14:53 of 2nd period - Stopped by Jaroslav Halak without a rebound.
14:54 of 2nd period - Andy McDonald wins face-off versus R.J. Umberger in Canadiens zone.
15:07 of 2nd period - Shot by Andy McDonald.
15:07 of 2nd period - Goal by Andy McDonald - Ducks : 3 - Canadiens : 2.
15:08 of 2nd period - Andy McDonald wins face-off versus Tomas Plekanec in neutral zone.
15:19 of 2nd period - Shot by Mason Raymond.
15:19 of 2nd period - Shot Misses the Net.
15:31 of 2nd period - Shot by Dustin Byfuglien.
15:31 of 2nd period - Shot Misses the Net.
15:35 of 2nd period - Shot by Andy McDonald.
15:35 of 2nd period - Stopped by Jaroslav Halak without a rebound.
15:36 of 2nd period - Paul Stastny wins face-off versus Manny Malhotra in Canadiens zone.
15:36 of 2nd period - Paul Stastny is hit by Manny Malhotra.
15:44 of 2nd period - Shot by Martin Havlat.
15:44 of 2nd period - Shot Misses the Net.
15:54 of 2nd period - Shot by Jakub Voracek.
15:54 of 2nd period - Stopped by Jaroslav Halak without a rebound.
15:55 of 2nd period - R.J. Umberger wins face-off versus Jonathan Toews in Canadiens zone.
16:20 of 2nd period - Shot by Brandon Dubinsky.
16:20 of 2nd period - Stopped by Jaroslav Halak without a rebound.
16:21 of 2nd period - Paul Stastny wins face-off versus Christian Hanson in Canadiens zone.
16:21 of 2nd period - Paul Stastny is hit by Christian Hanson.
16:22 of 2nd period - Minor Penalty to David Perron for Hooking.
16:23 of 2nd period - Brandon Dubinsky wins face-off versus Paul Stastny in Ducks zone.
16:23 of 2nd period - Brandon Dubinsky is hit by Paul Stastny.
17:50 of 2nd period - Shot by Patrick Sharp.
17:50 of 2nd period - Stopped by Jonas Hiller without a rebound.
17:51 of 2nd period - Manny Malhotra wins face-off versus Paul Stastny in Ducks zone.
18:06 of 2nd period - Shot by Ilya Kovalchuk.
18:06 of 2nd period - Stopped by Jonas Hiller without a rebound.
18:07 of 2nd period - Tomas Plekanec wins face-off versus Manny Malhotra in Ducks zone.
18:34 of 2nd period - Shot by R.J. Umberger.
18:34 of 2nd period - Stopped by Jonas Hiller without a rebound.
18:35 of 2nd period - Andy McDonald wins face-off versus Marcel Goc in Ducks zone.
18:52 of 2nd period - Shot by Patrick Kane.
18:52 of 2nd period - Deflect By Ilya Kovalchuk.
18:52 of 2nd period - Shot Blocked by Mason Raymond.

Period #3

0:01 of 3rd period - Martin Havlat wins face-off versus Jonathan Toews in neutral zone.
0:06 of 3rd period - Shot by Paul Stastny.
0:06 of 3rd period - Stopped by Jonas Hiller without a rebound.
0:07 of 3rd period - Tomas Plekanec wins face-off versus Andy McDonald in Ducks zone.
0:29 of 3rd period - Patrick Kane is hit by Nick Schultz and loses puck.
0:36 of 3rd period - Shot by Niklas Kronwall.
0:36 of 3rd period - Stopped by Jonas Hiller without a rebound.
0:37 of 3rd period - Martin Havlat wins face-off versus Brandon Dubinsky in Ducks zone.
0:50 of 3rd period - Shot by Patrick Sharp.
0:50 of 3rd period - Stopped by Jonas Hiller without a rebound.
0:51 of 3rd period - R.J. Umberger wins face-off versus Manny Malhotra in Ducks zone.
0:58 of 3rd period - Shot by R.J. Umberger.
0:58 of 3rd period - Deflect By Scott Hartnell.
0:58 of 3rd period - Shot Blocked by Manny Malhotra.
1:00 of 3rd period - Shot by R.J. Umberger.
1:00 of 3rd period - Stopped by Jonas Hiller with a rebound.
1:07 of 3rd period - R.J. Umberger is hit by Jonathan Ericsson and loses puck.
1:12 of 3rd period - Shot by R.J. Umberger.
1:12 of 3rd period - Stopped by Jonas Hiller without a rebound.
1:13 of 3rd period - Paul Stastny wins face-off versus Jonathan Toews in Ducks zone.
1:57 of 3rd period - Jonathan Toews is hit by Martin Havlat.
2:16 of 3rd period - Icing by Niklas Kronwall.
2:17 of 3rd period - Andy McDonald wins face-off versus Tomas Plekanec in Canadiens zone.
2:40 of 3rd period - Kurtis Foster is hit by Ed Jovanovski and loses puck.
2:46 of 3rd period - Minor Penalty to Niklas Kronwall for Hooking.
2:47 of 3rd period - R.J. Umberger wins face-off versus Jonathan Toews in Canadiens zone.
2:58 of 3rd period - Shot by Mason Raymond.
2:58 of 3rd period - Shot Misses the Net.
3:08 of 3rd period - Shot by Nick Schultz.
3:08 of 3rd period - Shot Misses the Net.
3:10 of 3rd period - Shot by Mason Raymond.
3:10 of 3rd period - Stopped by Jaroslav Halak without a rebound.
3:11 of 3rd period - Andy McDonald wins face-off versus Marcel Goc in Canadiens zone.
4:07 of 3rd period - Jonathan Ericsson is hit by Barret Jackman and loses puck.
4:52 of 3rd period - Shot by Manny Malhotra.
4:52 of 3rd period - Stopped by Jaroslav Halak without a rebound.
4:53 of 3rd period - Manny Malhotra wins face-off versus Martin Havlat in Canadiens zone.
4:54 of 3rd period - Shot by Henrik Tallinder.
4:54 of 3rd period - Shot Misses the Net.
5:28 of 3rd period - Shot by Paul Stastny.
5:28 of 3rd period - Stopped by Jonas Hiller without a rebound.
5:29 of 3rd period - Jonathan Toews wins face-off versus Tomas Plekanec in Ducks zone.
5:29 of 3rd period - Brandon Dubinsky is hit by Patrick Kane and loses puck.
6:03 of 3rd period - Off-side.
6:04 of 3rd period - R.J. Umberger wins face-off versus Andy McDonald in neutral zone.
6:23 of 3rd period - Shot by Mason Raymond.
6:23 of 3rd period - Stopped by Jaroslav Halak without a rebound.
6:24 of 3rd period - Paul Stastny wins face-off versus Christian Hanson in Canadiens zone.
6:47 of 3rd period - Henrik Tallinder is hit by Patrick Sharp and loses puck.
7:00 of 3rd period - Shot by Paul Stastny.
7:00 of 3rd period - Shot Misses the Net.
7:06 of 3rd period - Christian Hanson is hit by Patrick Sharp.
8:43 of 3rd period - Minor Penalty to Scott Hartnell for Holding.
8:44 of 3rd period - R.J. Umberger wins face-off versus Bryan Little in Canadiens zone.
9:35 of 3rd period - Shot by Mason Raymond.
9:35 of 3rd period - Stopped by Jaroslav Halak with a rebound.
10:14 of 3rd period - Icing by David Perron.
10:15 of 3rd period - R.J. Umberger wins face-off versus David Perron in Ducks zone.
10:42 of 3rd period - Matt Cullen is hit by Andy McDonald.
11:01 of 3rd period - Shot by Tomas Plekanec.
11:01 of 3rd period - Stopped by Jonas Hiller without a rebound.
11:02 of 3rd period - Paul Stastny wins face-off versus Dustin Byfuglien in Ducks zone.
11:02 of 3rd period - Paul Stastny is hit by Nick Schultz.
11:04 of 3rd period - Shot by Patrick Sharp.
11:04 of 3rd period - Shot Misses the Net.
11:08 of 3rd period - Shot by Patrick Sharp.
11:08 of 3rd period - Shot Misses the Net.
11:10 of 3rd period - Shot by Barret Jackman.
11:10 of 3rd period - Stopped by Jonas Hiller without a rebound.
11:11 of 3rd period - Paul Stastny wins face-off versus Manny Malhotra in Ducks zone.
11:13 of 3rd period - Minor Penalty to Jonathan Ericsson for Tripping.
11:14 of 3rd period - Patrick Sharp wins face-off versus Manny Malhotra in Ducks zone.
11:35 of 3rd period - Shot by Martin Havlat.
11:35 of 3rd period - Shot Misses the Net.
11:37 of 3rd period - Shot by Tim Gleason.
11:37 of 3rd period - Shot Misses the Net.
12:52 of 3rd period - Icing by Tomas Plekanec.
12:53 of 3rd period - Manny Malhotra wins face-off versus Tomas Plekanec in Canadiens zone.
13:15 of 3rd period - Icing by Bryan Little.
13:16 of 3rd period - Christian Hanson wins face-off versus R.J. Umberger in Ducks zone.
13:31 of 3rd period - Shot by David Perron.
13:31 of 3rd period - Shot Misses the Net.
13:33 of 3rd period - Shot by David Perron.
13:33 of 3rd period - Stopped by Jaroslav Halak without a rebound.
13:34 of 3rd period - Mason Raymond wins face-off versus Patrick Kane in Canadiens zone.
13:55 of 3rd period - Icing by Ilya Kovalchuk.
13:56 of 3rd period - Jonathan Toews wins face-off versus Marcel Goc in Canadiens zone.
14:22 of 3rd period - Icing by Rob Scuderi.
14:23 of 3rd period - Paul Stastny wins face-off versus Jonathan Toews in Ducks zone.
14:23 of 3rd period - Minor Penalty to Rob Scuderi for High sticking.
14:24 of 3rd period - Tomas Plekanec wins face-off versus Manny Malhotra in Ducks zone.
14:37 of 3rd period - Shot by Tim Gleason.
14:37 of 3rd period - Stopped by Jonas Hiller without a rebound.
14:38 of 3rd period - Tomas Plekanec wins face-off versus Christian Hanson in Ducks zone.
14:43 of 3rd period - Shot by Martin Havlat.
14:43 of 3rd period - Shot Blocked by Tom Poti.
14:45 of 3rd period - Shot by Brent Seabrook.
14:45 of 3rd period - Shot Misses the Net.
14:47 of 3rd period - Shot by Patrick Sharp.
14:47 of 3rd period - Shot Misses the Net.
15:58 of 3rd period - Shot by Ilya Kovalchuk.
15:58 of 3rd period - Shot Misses the Net.
16:30 of 3rd period - Icing by Nick Schultz.
16:31 of 3rd period - Paul Stastny wins face-off versus Andy McDonald in Ducks zone.
16:34 of 3rd period - Shot by Ilya Kovalchuk.
16:34 of 3rd period - Shot Misses the Net.
16:42 of 3rd period - Shot by Paul Stastny.
16:42 of 3rd period - Stopped by Jonas Hiller without a rebound.
16:43 of 3rd period - Tomas Plekanec wins face-off versus Jonathan Toews in Ducks zone.
16:48 of 3rd period - Shot by Tomas Plekanec.
16:48 of 3rd period - Shot Misses the Net.
16:52 of 3rd period - Shot by R.J. Umberger.
16:52 of 3rd period - Shot Misses the Net.
16:56 of 3rd period - Shot by R.J. Umberger.
16:56 of 3rd period - Stopped by Jonas Hiller without a rebound.
16:57 of 3rd period - Paul Stastny wins face-off versus Andy McDonald in Ducks zone.
17:17 of 3rd period - Off-side.
17:18 of 3rd period - Jonathan Toews wins face-off versus Tomas Plekanec in neutral zone.
17:20 of 3rd period - Minor Penalty to Brandon Dubinsky for Hooking.
17:21 of 3rd period - Tomas Plekanec wins face-off versus Christian Hanson in Ducks zone.
18:12 of 3rd period - Shot by Patrick Kane.
18:12 of 3rd period - Shot Blocked by Henrik Tallinder.
18:20 of 3rd period - Shot by Patrick Kane.
18:20 of 3rd period - Deflect By Ilya Kovalchuk.
18:20 of 3rd period - Shot Misses the Net.
18:22 of 3rd period - Shot by Ed Jovanovski.
18:22 of 3rd period - Stopped by Jonas Hiller without a rebound.
18:23 of 3rd period - Paul Stastny wins face-off versus Christian Hanson in Ducks zone.
19:04 of 3rd period - Canadiens, Jaroslav Halak is pulled from the net.
19:24 of 3rd period - Shot by Martin Havlat.
19:24 of 3rd period - Shot Blocked by Jonathan Toews.
19:26 of 3rd period - Shot by Barret Jackman.
19:26 of 3rd period - Shot Misses the Net.
19:28 of 3rd period - Shot by Tim Gleason.
19:28 of 3rd period - Shot Misses the Net.


Output by the SimonT Hockey Simulator (STHS) for Stephane Roy -- Original Page W3C XHTML 1.0 Valid